 Dungeon Crawl Stone Soup version 0.28.0-43-g3370ac3207 (webtiles) character file.

Game seed: 3994273280108223185

20 Pemander the Prestidigitator (level 2, -17/20 HPs)
             Began as a Gnoll Wanderer on Mar 18, 2022.
             Engulfed by a cloud of flame (25 damage)
             ... on level 1 of the Dungeon.
             The game lasted 00:00:54 (940 turns).

Pemander the Prestidigitator (Gnoll Wanderer)        Turns: 940, Time: 00:00:54

Health: -17/20     AC:  4    Str:  9    XL:     2   Next: 79%
Magic:  2/2        EV: 15    Int:  7    God:
Gold:   49         SH:  0    Dex: 17    Spells: 2/2 levels left

rFire   . . .      SeeInvis .   a - +0 short sword
rCold   . . .      Faith    .   (no shield)
rNeg    . . .      Spirit   .   d - +0 leather armour
rPois   .          Reflect  .   (no helmet)
rElec   .          Harm     .   (no cloak)
rCorr   .          Rampage  .   c - +0 pair of gloves
Will    .....                   (no boots)
Stlth   +.........              (no amulet)
HPRegen 0.06/turn               (no ring)
MPRegen 0.08/turn               (no ring)

@: no status effects
A: fangs 1, strong nose, distributed training
a: no special abilities


You were on level 1 of the Dungeon.
You visited 1 branch of the dungeon, and saw 1 of its levels.

You collected 49 gold pieces.

Inventory:

Hand Weapons
 a - a +0 short sword (weapon)
Armour
 c - a +0 pair of gloves (worn)
 d - a +0 leather armour (worn)
Jewellery
 f - a ring of resist corrosion
Scrolls
 e - a scroll of identify {unknown}
Potions
 g - a potion of mutation {unknown}
Miscellaneous
 b - a phantom mirror (quivered)


   Skills:
 + Level 0.5 Fighting
 + Level 2.5 Short Blades
 + Level 0.5 Long Blades
 + Level 0.5 Axes
 + Level 0.5 Maces & Flails
 + Level 0.5 Polearms
 + Level 0.5 Staves
 + Level 0.5 Slings
 + Level 0.5 Bows
 + Level 0.5 Crossbows
 + Level 2.5 Throwing
 + Level 2.5 Armour
 + Level 6.5 Dodging
 + Level 0.5 Stealth
 + Level 0.5 Shields
 + Level 0.5 Unarmed Combat
 + Level 0.5 Spellcasting
 + Level 0.3 Conjurations
 + Level 0.3 Hexes
 + Level 0.3 Summonings
 + Level 0.3 Necromancy
 + Level 0.3 Translocations
 + Level 0.3 Transmutations
 + Level 0.3 Fire Magic
 + Level 0.3 Ice Magic
 + Level 0.3 Air Magic
 + Level 0.3 Earth Magic
 + Level 0.3 Poison Magic
 + Level 0.6 Invocations
 + Level 8.5 Evocations


You had 2 spell levels left.
You didn't know any spells.
Your spell library was empty.

Dungeon Overview and Level Annotations

Branches:
Dungeon (1/15)

Altars:


Innate Abilities, Weirdness & Mutations

You have very sharp teeth.
Your uncanny sense of smell can sniff out nearby items.
Your experience applies equally to all skills.


Message History

You miss the frilled lizard. The frilled lizard closely misses you.
You hit the frilled lizard.
You kill the frilled lizard!
A goblin comes into view. It is wielding a +0 dagger.
The goblin shouts!
Found a plate armour.
A goblin is nearby!
A goblin is nearby!
The goblin barely misses you.
You hit the goblin.
The goblin is severely wounded.
The goblin closely misses you.
You closely miss the goblin.
The goblin is severely wounded.
The goblin misses you.
You closely miss the goblin. Your bite misses the goblin.
The goblin is heavily wounded.
The goblin barely misses you.
You hit the goblin but do no damage.
The goblin is heavily wounded.
The goblin hits you but does no damage.
A goblin is nearby!
You hit the goblin.
You kill the goblin!
Things that are here:
a +0 dagger; a goblin corpse No target in view!
You now have 49 gold pieces (gained 10).
You see here a +0 dagger.
You see here a +0 dagger.
Found 6 boomerangs.
Partly explored, can't reach some items and places.
Partly explored, can't reach some items and places.
No target in view!
Really walk into a travel-excluded area?
You are engulfed in blazing flames.
Ouch! That really hurt!
You are engulfed in blazing flames.
Ouch! That really hurt!
You die...

#.☼.# #.# #..§#
#.#
#####...#####.#
..§§..?..§☼§..#
§§.).?...○..#
§...(.§§○..#
#...#####.#
#.§§# #.# #§§@#
#.# #☼☼§# #.#
#...#####.#
##........#
##########


There were no monsters in sight!

Vanquished Creatures
  2 endoplasms (D:1)
  3 hobgoblins (D:1)
  2 jackals (D:1)
  2 quokkas (D:1)
  A ball python (D:1)
  3 frilled lizards (D:1)
  3 goblins (D:1)
  A kobold (D:1)
  A rat (D:1)
18 creatures vanquished.

Notes
Turn   | Place    | Note
-------+----------+-------------------------------------------
     0 | D:1      | Pemander the Gnoll Wanderer began the quest for the Orb.
     0 | D:1      | Pemander set off with the following items: a +0 short
                  | sword, a phantom mirror, a +0 pair of gloves, a +0 leather
                  | armour
     0 | D:1      | Reached XP level 1. HP: 13/13 MP: 1/1
     3 | D:1      | Noticed an electric eel
     4 | D:1      | Noticed an electric eel
   244 | D:1      | Reached XP level 2. HP: 19/19 MP: 2/2
   940 | D:1      | Engulfed by a cloud of flame

Illustrated notes

Levels and vault maps discovered:
D:1:      arrival_aquarium_b, layout_rooms, minmay_misc_feat_encased,
          lemuel_flame_loot_1

Action                   || total
-------------------------++-------
Melee: Short sword       ||    62
       Bite              ||     6
       Punch             ||     1
Armor: Leather armour    ||    10
Dodge: Dodged            ||    44
